 Dungeon Crawl Stone Soup version 0.30-a0-743-gbfdf073431 (webtiles) character file.

Game seed: 6973253211549784054

195 avis the Shooter (level 5, -1/45 HPs)
             Began as a Demigod Hunter on Feb 8, 2023.
             Slain by an orc priest
             ... wielding a +0 hand axe
              (7 damage)
             ... on level 3 of the Dungeon.
             The game lasted 00:15:42 (2700 turns).

avis the Shooter (Demigod Hunter)                   Turns: 2700, Time: 00:15:42

Health: -1/45      AC:  4    Str: 12    XL:     5   Next: 21%
Magic:  7/7        EV: 12    Int: 11    God:
Gold:   100        SH:  0    Dex: 21    Spells: 4/4 levels left

rFire   . . .      SeeInvis .    a - +0 shortbow
rCold   . . .      Faith    .    (shield currently unavailable)
rNeg    . . .      Spirit   .    c - +0 leather armour
rPois   .          Reflect  .    (no helmet)
rElec   .          Harm     .    i - +0 cloak
rCorr   .          Rampage  .    (no gloves)
Will    .....                    (no boots)
Stlth   ++                       (no amulet)
HPRegen 0.27/turn                (no ring)
MPRegen 0.10/turn                (no ring)

@: no status effects
A: high MP 1, forlorn, divine attributes
a: no special abilities


You were on level 3 of the Dungeon.
You visited 1 branch of the dungeon, and saw 3 of its levels.

You collected 100 gold pieces.

Inventory:

Hand Weapons
 a - a +0 shortbow (weapon)
 b - a +0 dagger of draining
Missiles
 p - 5 poisoned darts
Armour
 c - a +0 leather armour (worn)
 i - a +0 cloak (worn)
Magical Staves
 m - a staff of cold
Scrolls
 e - a scroll of immolation
 f - 3 scrolls of fog {unknown}
 g - 3 scrolls of identify {unknown}
 l - a scroll of enchant armour {unknown}
 n - a scroll of noise {unknown}
 o - a scroll of teleportation {unknown}
 q - a scroll of amnesia {unknown}
Potions
 d - a potion of resistance {unknown}
 h - a potion of attraction {unknown}
 k - a potion of heal wounds {unknown}


   Skills:
 - Level 3.0 Fighting
 * Level 5.6 Ranged Weapons
 - Level 2.0 Dodging
 - Level 1.0 Stealth


You had 4 spell levels left.
You didn't know any spells.
Your spell library contained the following spells:

 Spells                   Type           Power      Damage    Failure   Level
 Ensorcelled Hibernation  Hex/Ice        0%         N/A       56%         2
 Spider Form              Tmut/Pois      0%         N/A       80%         3
 Anguish                  Hex/Necr       0%         N/A       99%         4


Dungeon Overview and Level Annotations

Branches:
Dungeon (3/15)

Shops:
D:3 [


Innate Abilities, Weirdness & Mutations

You have an increased reservoir of magic. (+10% MP)
You shall have no god before yourself.
Your divine heritage dramatically boosts your attributes as you level up.


Message History

Fire: a) +0 shortbow
Press: ? - help, Q - select action, (/) - cycle Shift-Dir - straight line, f/p - orc priest
Aim: an orc priest, wielding a +0 whip and wearing a +0 leather armour (lightly wounded, 65% to hit)
You shoot an arrow. The arrow barely misses the orc priest.
The arrow hits the orc priest!
The orc priest is almost dead.
The orc priest hits you with a +0 hand axe.
The orc priest miscasts a cantrip.
The orc priest hits you with a +0 hand axe.
* * * LOW HITPOINT WARNING * * *
Fire: a) +0 shortbow
Press: ? - help, Q - select action, (/) - cycle Shift-Dir - straight line, f/p - orc priest
Aim: an orc priest, wielding a +0 whip and wearing a +0 leather armour (almost dead, 65% to hit)
You shoot an arrow. The arrow barely misses the orc priest.
The arrow hits the orc priest!
You kill the orc priest!
The orc priest hits you with a +0 hand axe.
* * * LOW HITPOINT WARNING * * *
Fire: a) +0 shortbow
Press: ? - help, Q - select action, (/) - cycle Shift-Dir - straight line, f - orc priest
Aim: an orc priest, wielding a +0 hand axe and wearing a +0 leather armour (moderately wounded, 65% to hit)
You shoot an arrow. The arrow hits the orc priest.
The orc priest is heavily wounded.
The orc priest looks braver for a moment.
Fire: a) +0 shortbow
Press: ? - help, Q - select action, (/) - cycle Shift-Dir - straight line, f/p - orc priest
Aim: an orc priest, wielding a +0 hand axe and wearing a +0 leather armour (heavily wounded, 65% to hit)
You shoot an arrow.
The arrow hits the orc priest but does no damage.
The orc priest is heavily wounded.
The orc priest closely misses you.
Fire: a) +0 shortbow
Press: ? - help, Q - select action, (/) - cycle Shift-Dir - straight line, f/p - orc priest
Aim: an orc priest, wielding a +0 hand axe and wearing a +0 leather armour (heavily wounded, 65% to hit)
You shoot an arrow. The arrow hits the orc priest.
The orc priest is heavily wounded.
The orc priest hits you with a +0 hand axe.
* * * LOW HITPOINT WARNING * * *
The orc priest hits you with a +0 hand axe!
You die...

#.# #...#
#..###.. #.#
#...# ##......
#.# #...#
#.###.. #.#
#...# #.# #..
#.# #...# ##.#
#..
#.####...####..#
#..
#............###
#..
###.######.†.#
##. #@# #...# ##
#o# #...# #o#
#...# #.# #...#
#.# #...#
#.##############
#....o..........
#...............
#...oo........!.


You could see an orc priest and an orc.

Vanquished Creatures
  An orc priest (D:3)
  An orc wizard (D:3)
  Terence (D:2)
  3 adders (D:3)
  2 worms
  4 dart slugs
  5 orcs (D:3)
  8 ball pythons
  9 endoplasms
  A giant cockroach (D:2)
  11 goblins
  4 hobgoblins
  2 jackals (D:2)
  A quokka (D:1)
  2 bats
  3 frilled lizards (D:1)
  5 kobolds
  6 rats
  A spectral kobold (D:2)
70 creatures vanquished.

Vanquished Creatures (others)
  A withered plant (D:3)
1 creature vanquished.

Grand Total: 71 creatures vanquished

Notes
Turn   | Place    | Note
-------+----------+-------------------------------------------
     0 | D:1      | avis the Demigod Hunter began the quest for the Orb.
     0 | D:1      | Reached XP level 1. HP: 17/17 MP: 3/3
   157 | D:1      | Reached skill level 4 in Ranged Weapons
   240 | D:1      | Reached XP level 2. HP: 24/24 MP: 4/4
   254 | D:1      | Reached skill level 1 in Stealth
  1082 | D:2      | Reached XP level 3. HP: 30/30 MP: 5/5
  1310 | D:2      | Noticed Terence
  1812 | D:2      | Killed Terence
  1813 | D:2      | Reached XP level 4. HP: 32/38 MP: 6/6
  2127 | D:3      | Found Uleitsoc's Armour Emporium.
  2514 | D:3      | Reached skill level 5 in Ranged Weapons
  2615 | D:3      | Reached XP level 5. HP: 45/45 MP: 7/7
  2700 | D:3      | Slain by an orc priest

Illustrated notes

Levels and vault maps discovered:
D:1:      lemuel_arrival_funnel, layout_basic, minmay_misc_feat_pillars
D:2:      layout_basic, dreamdust_ecumenical_altar_drowned_temple,
          minmay_distorted, uniq_terence
D:3:      layout_basic, minitemple, nicolae_qazlal_style_of_elements,
          yredelemnul_altar_generic, serial_co_window_serial,
          co_window_of_opportunity_a, co_window_paths_b, co_window_corner_a,
          co_window_paths_a, co_window_paths_a, co_window_broadway_c,
          co_window_2corner, co_window_corner_b, co_window_cross_3,
          co_window_of_opportunity_b, co_window_unsneaky_path_b,
          co_window_paths_c, glass_columns_b, glass_columns_c, glass_columns_b,
          serial_shops, shop, minmay_misc_feat_ornament

Skill      XL: |  1  2  3  4 |
---------------+-------------+-----
Fighting       | 2 3 |  3.0
Ranged Weapons | 4 5 |  5.6
Dodging        | 2 |  2.0
Stealth        | 1 |  1.0

Action                     |  1- 3 |  4- 6 || total
---------------------------+-------+-------++-------
  Melee: Dagger            |       |    30 ||    30
   Fire: Shortbow          |   123 |    58 ||   181
    Use: Potion            |       |     3 ||     3
 Armour: Leather armour    |    12 |    11 ||    23
  Dodge: Dodged            |    43 |    21 ||    64

Table legend: (Time is in decaauts)
 A = Elapsed time spent in this place.
 B = Non-inter-level travel time spent in this place.
 C = Inter-level travel time spent in this place.
 D = Time resting spent in this place.
 E = Time spent auto-exploring this place.
 F = Levels seen in this place.
 G = Mean time per level.
                   A        B        C        D        E       F      G
               +--------+--------+--------+--------+--------+-----+--------+
         Total |   2758 |   2526 |    232 |    678 |   1000 |   3 |  919.3 |
       Dungeon |   2758 |   2526 |    232 |    678 |   1000 |   3 |  919.3 |
               +--------+--------+--------+--------+--------+-----+--------+

Top non-repeatable levels by time:
     D:1: 1027 daAuts
     D:2: 950 daAuts
     D:3: 780 daAuts
